 Dungeon Crawl Stone Soup version 0.28.0-47-ge53b351184 (webtiles) character file.

Game seed: 5916375400657637293

1586 firemarshallily the Summoner (level 8, -4/78 HPs)
             Began as a Merfolk Summoner on May 6, 2022.
             Was an Initiate of Gozag.
             Slain by a killer bee (6 damage)
             ... on level 6 of the Dungeon.
             The game lasted 00:27:01 (7361 turns).

firemarshallily the Summoner (Merfolk Summoner)     Turns: 7361, Time: 00:27:02

Health: -4/78      AC: 24    Str:  9    XL:     8   Next: 92%
Magic:  0/17       EV:  2    Int: 16    God:    Gozag
Gold:   703        SH:  0    Dex: 14    Spells: 7/20 levels left

rFire   . . .      SeeInvis .   m - +0 spear
rCold   . . .      Faith    .   (no shield)
rNeg    . . .      Spirit   .   (armour currently unavailable)
rPois   +          Reflect  .   (helmet currently unavailable)
rElec   .          Harm     .   (cloak currently unavailable)
rCorr   .          Rampage  .   (gloves currently unavailable)
Will    .....      NoTele   +   (boots currently unavailable)
Stlth   ++........              (no amulet)
HPRegen 0.23/turn               (no ring)
MPRegen 0.15/turn               (no ring)

@: tree-form (expiring), hasted, very quick
A: stationary, stasis, torment immunity, boosted hp, (nimble swimmer 2),
(mertail)
a: Renounce Religion, Potion Petition, Call Merchant, Bribe Branch


You were on level 6 of the Dungeon.
You worshipped Gozag.
Gozag was pleased with you.
You were a tree.
You visited 1 branch of the dungeon, and saw 6 of its levels.

You collected 703 gold pieces.

Inventory:

Hand Weapons
 m - a +0 spear (weapon)
Missiles
 f - 243 stones (quivered)
 i - 3 datura-tipped darts
Armour
 a - a +1 robe (melded)
 c - the +0 hat of Lyhoofir (melded) {rC+ Int+4}
   (You acquired it on level 3 of the Dungeon)

   Int:       It affects your intelligence (+4).
   rC:        It protects you from cold.
 d - a +0 pair of boots (melded)
 e - a +0 pair of gloves (melded)
 l - a +2 cloak (melded)
Wands
 g - a wand of iceblast (18)
 j - a wand of digging (8)
Scrolls
 b - 4 scrolls of teleportation
 k - a scroll of identify
Potions
 n - a potion of curing {unknown}
 q - a potion of mutation {unknown}


   Skills:
 + Level 6.7 Polearms
 - Level 2.6 Dodging
 - Level 2.1 Stealth
 * Level 6.6 Spellcasting
 * Level 8.0 Summonings


You had 7 spell levels left.
You knew the following spells:

 Your Spells              Type           Power      Damage    Failure   Level
a - Summon Small Mammal   Summ           100%       N/A       1%          1
b - Call Imp              Summ           31%        N/A       1%          2
c - Call Canine Familiar  Summ           31%        N/A       1%          3
d - Summon Guardian Gole  Hex/Summ       18%        N/A       8%          3
e - Summon Lightning Spi  Summ/Air       18%        N/A       24%         4

Your spell library contained the following spells:

 Spells                   Type           Power      Damage    Failure   Level
 Leda's Liquefaction      Hex/Erth       2%         N/A       78%         4
 Lee's Rapid Deconstruct  Erth           2%         3d6*      98%         5
 Statue Form              Tmut/Erth      3%         N/A       100%        6


Dungeon Overview and Level Annotations

Branches:
Dungeon (6/15)             Temple (0/1) D:4

Altars:
Gozag
Nemelex Xobeh


Innate Abilities, Weirdness & Mutations

You are a tree.
Your roots penetrate the ground, keeping you stationary.
You cannot be teleported.
You are immune to unholy pain and torment.
Your maximum health is greatly increased.
Your equipment is partially melded.
((You are very nimble when in or above water. (Stealth+, EV+, Speed+++)))
((Your lower body shifts to a powerful aquatic tail in water.))


Message History

Confirm with . or Enter, or press ? or * to list all spells.
The killer bee stings you but does no damage. x2
You hit the killer bee but do no damage.
The killer bee is lightly wounded.
The killer bee stings you but does no damage. x2
You barely miss the killer bee.
The killer bee is lightly wounded.
The killer bee stings you but does no damage.
You barely miss the killer bee.
The killer bee is lightly wounded.
The killer bee stings you but does no damage. x2
You miss the killer bee. Your punch misses the killer bee.
The killer bee is lightly wounded.
The killer bee stings you.
* * * LOW HITPOINT WARNING * * *
Casting: Summon Small Mammal (safe; 1% risk of failure)
Confirm with . or Enter, or press ? or * to list all spells.
The killer bee stings you.
* * * LOW HITPOINT WARNING * * *
Your rat barely misses the killer bee.
The killer bee stings you but does no damage.
You miss the killer bee.
The killer bee is lightly wounded.
The killer bee barely misses you.
Your rat closely misses the killer bee.
The killer bee stings you but does no damage.
You hit the killer bee.
The killer bee is heavily wounded.
Your transformation is almost over.
The killer bee stings you.
* * * LOW HITPOINT WARNING * * *
Your rat barely misses the killer bee.
You feel yourself speed up.
The killer bee stings you but does no damage. x2
Your rat bites the killer bee but does no damage.
Your quokka bites the killer bee.
You hit the killer bee.
The killer bee is almost dead.
The killer bee stings you.
You die...
Your body crumbles into a pile of gold.

#.# #.# ### #.# ##.## #.#
##### ##...## #.#
##...#####.....###.#
.#######..#...##r..#...##.##
..yy§#.$#####..y♣.###..##..#
#####$### #...r.# ##..##.#
### #..#..# #....(# ##
#..#..# #.....# .######
#.....# #.....# ...[..##
#.....# ##.....# #####..##
##..#####.....##
######..######### #..<...#
.)..##........# #...#..##


You could see a killer bee (ally target), a friendly quokka (summoned) and a
friendly rat (summoned).

Vanquished Creatures
  An ogre (D:5)
  2 killer bees (D:6)
  A hound (D:5)
  A centaur skeleton (D:5)
  An adder (D:2)
  An orc (D:5)
  A bat (D:1)
  A giant cockroach (D:2)
  A quokka (D:2)
  A ball python (D:1)
  A frilled lizard (D:2)
  2 kobolds
14 creatures vanquished.

Vanquished Creatures (collateral kills)
  Grinder (D:6)
  A black bear (D:6)
  An ogre (D:6)
  A necrophage (D:5)
  A phantom (D:5)
  3 scorpions
  A centaur zombie (D:6)
  2 hounds
  2 jellies
  A bullfrog skeleton (D:5)
  An orc priest (D:6)
  2 iguanas
  4 orc wizards
  Natasha (thrice) (D:4)
  A hound skeleton (D:4)
  A howler monkey skeleton (D:5)
  5 adders
  3 gnolls (D:2)
  A white imp (D:5)
  An ufetubus (D:5)
  An adder skeleton (D:4)
  A dart slug (D:1)
  12 orcs
  7 bats
  2 endoplasms (D:1)
  2 giant cockroaches
  6 goblins
  5 hobgoblins
  9 jackals
  5 quokkas
  5 ball pythons
  6 frilled lizards
  5 kobolds
  4 rats
106 creatures vanquished.

Grand Total: 120 creatures vanquished

Notes
Turn   | Place    | Note
-------+----------+-------------------------------------------
     0 | D:1      | firemarshallily the Merfolk Summoner began the quest for
                  | the Orb.
     0 | D:1      | Reached XP level 1. HP: 13/13 MP: 3/3
    24 | D:1      | You fall into a shaft and drop 1 floor!
   554 | D:2      | Reached XP level 2. HP: 4/19 MP: 1/5
   811 | D:1      | Reached skill level 1 in Polearms
   996 | D:1      | Learned a level 2 spell: Call Imp
  1067 | D:1      | Reached XP level 3. HP: 23/24 MP: 2/6
  2008 | D:2      | Reached XP level 4. HP: 23/30 MP: 4/8
  2335 | D:2      | Learned a level 3 spell: Call Canine Familiar
  2940 | D:3      | Reached XP level 5. HP: 31/35 MP: 0/9
  2951 | D:3      | Identified a scroll of acquirement
  2951 | D:3      | Acquired the +0 hat of Lyhoofir {rC+ Int+4}
  2953 | D:3      | Found a faded altar of an unknown god.
  2958 | D:3      | Prayed at the altar of an unknown god.
  2958 | D:3      | Became a worshipper of Gozag Ym Sagoz the Greedy
  3058 | D:3      | Reached skill level 5 in Summonings
  4232 | D:4      | Noticed Natasha
  4232 | D:4      | Found a sparkling altar of Nemelex Xobeh.
  4246 | D:4      | Killed Natasha
  4247 | D:4      | Reached XP level 6. HP: 41/41 MP: 1/11
  4282 | D:4      | Noticed Natasha
  4297 | D:4      | Killed Natasha
  4318 | D:4      | Noticed Natasha
  4330 | D:4      | Killed Natasha
  4809 | D:4      | Found a staircase to the Ecumenical Temple.
  5224 | D:4      | Learned a level 3 spell: Summon Guardian Golem
  5230 | D:4      | Learned a level 4 spell: Summon Lightning Spire
  5231 | D:5      | Entered Level 5 of the Dungeon
  5275 | D:5      | Reached skill level 6 in Summonings
  5275 | D:5      | Reached XP level 7. HP: 46/46 MP: 6/13
  5534 | D:5      | Reached skill level 5 in Spellcasting
  5545 | D:5      | Reached skill level 5 in Polearms
  5973 | D:5      | Reached XP level 8. HP: 52/52 MP: 9/16
  6235 | D:6      | Noticed Grinder
  6261 | D:6      | Killed Grinder
  6262 | D:6      | Reached skill level 7 in Summonings
  7337 | D:6      | Reached skill level 8 in Summonings
  7357 | D:6      | HP: 3/78 [killer bee (3)]
  7361 | D:6      | Slain by a killer bee

Illustrated notes

Levels and vault maps discovered:
D:1:      nagdon_arrival_double_spiral, layout_rooms, serial_glass,
          glass_columns_b, glass_columns_c, minmay_tripent
D:2:      layout_loops_cross, minmay_tromino_v2
D:3:      layout_basic, shapermc_ecumenical_altar_notcrosses,
          kennysheep_generic_room_16
D:4:      layout_cave_pools, nemelex_xobeh_ov_fountains_minmay,
          lemuel_temple_firewalk_b, uniq_natasha
D:5:      layout_rooms
D:6:      layout_layer_cave, uniq_grinder

Skill      XL: |  1  2  3  4  5  6  7  8 |
---------------+-------------------------+-----
Polearms       | 1 2 3 4 5 6 |  6.7
Spellcasting   | 3 4 5 6 |  6.6
Summonings     | 5 6 8 |  8.0
Dodging        | |  2.6
Stealth        | |  2.1

Action                   |  1- 3 |  4- 6 |  7- 9 || total
-------------------------+-------+-------+-------++-------
Melee: Club              |    24 |       |       ||    24
       Unarmed           |     6 |       |       ||     6
       Dagger            |    50 |    79 |       ||   129
       Punch             |       |     2 |     1 ||     3
       Spear             |       |       |    82 ||    82
Throw: Stone             |       |       |     2 ||     2
 Cast: Summon Small Mamm |    37 |    63 |    36 ||   136
       Call Imp          |    10 |    22 |    13 ||    45
       Call Canine Famil |       |    12 |    16 ||    28
       Summon Guardian G |       |       |     2 ||     2
  Use: Scroll            |     3 |     4 |     1 ||     8
       Potion            |       |     1 |     3 ||     4
 Stab: Distracted        |       |       |     2 ||     2
Armor: Robe              |    32 |    22 |    20 ||    74
       Skin              |       |       |    13 ||    13
Dodge: Dodged            |    94 |    50 |    34 ||   178
